 Dungeon Crawl Stone Soup version 0.28-a0-863-g8cecda6153 (webtiles) character file.

Game seed: 14629061652947358077

3238 bande the Cleaver (level 9, -9/56 HPs)
             Began as a Gargoyle Fighter on Nov 17, 2021.
             Was a Priest of Okawaru.
             Mangled by Harold (11 damage)
             ... on level 8 of the Dungeon.
             The game lasted 00:13:15 (6706 turns).

bande the Cleaver (Gargoyle Fighter)                Turns: 6706, Time: 00:13:17

Health: -9/56      AC: 20    Str: 21    XL:     9   Next: 99%
Magic:  12/12      EV:  8    Int:  9    God:    Okawaru [***...]
Gold:   532        SH:  5    Dex: 14    Spells: 8/8 levels left

rFire   . . .      SeeInvis .   m - +6 broad axe of Sharkskin {pain, rN+}
rCold   . . .      Faith    .   c - +0 buckler
rNeg    + + .      Spirit   .   u - +0 chain mail
rPois   ∞          Reflect  .   j - +0 helmet
rElec   +          Harm     .   (no cloak)
rCorr   .          Rampage  .   e - +1 pair of gloves {Dex+3}
Will    .....                   (no boots)
Stlth   ..........              h - amulet of regeneration
HPRegen 1.18/turn               (no ring)
MPRegen 0.13/turn               (no ring)

@: marked
A: sickness immunity, AC +6, negative energy resistance 1, electricity
resistance, torment resistance 1, petrification resistance
a: Renounce Religion, Heroism


You were on level 8 of the Dungeon.
You worshipped Okawaru.
Okawaru was most pleased with you.
You visited 2 branches of the dungeon, and saw 9 of its levels.

You collected 952 gold pieces.
You spent 420 gold pieces at shops.

Inventory:

Hand Weapons
 a - a +1 war axe
 m - the +6 broad axe of Sharkskin (weapon) {pain, rN+}
   (You acquired it on level 2 of the Dungeon)

   In the hands of one skilled in necromantic magic, it inflicts extra damage on
   living creatures.
   rN:        It protects you from negative energy.
 t - a +0 morningstar
Missiles
 b - a throwing net (quivered)
Armour
 c - a +0 buckler (worn)
 e - a +1 pair of gloves of dexterity (worn)
 j - a +0 helmet (worn)
 u - a +0 chain mail (worn)
 D - a +2 scale mail of cold resistance
Jewellery
 h - an amulet of regeneration (around neck)
 x - a ring of fire
Wands
 l - a wand of flame (12)
 q - a wand of charming (3)
 v - a wand of polymorph (8)
 C - a wand of iceblast (6)
Scrolls
 f - 6 scrolls of teleportation
 o - a scroll of magic mapping
 p - 3 scrolls of enchant weapon
 r - a scroll of fog
 w - a scroll of holy word
 y - 2 scrolls of identify
 A - a scroll of noise {unknown}
Potions
 d - 3 potions of might
 g - 3 potions of cancellation
 i - 3 potions of lignification {unknown}
 k - a potion of resistance {unknown}
 n - 2 potions of brilliance {unknown}
 s - a potion of haste {unknown}
 z - 2 potions of curing
 B - a potion of mutation {unknown}
 E - a potion of flight {unknown}


   Skills:
 + Level 6.4 Fighting
 + Level 8.6 Axes
 + Level 6.3 Armour
 + Level 4.9 Shields
 * Level 4.3 Invocations
 * Level 4.1 Evocations


You had 8 spell levels left.
You didn't know any spells.
Your spell library contained the following spells:

 Spells                   Type           Power      Damage    Failure   Level
 Apportation              Tloc           0%         N/A       97%         1
 Beastly Appendage        Tmut           0%         N/A       97%         1
 Freeze                   Ice            0%         1d3       97%         1
 Sting                    Tmut/Pois      0%         1d3       97%         1
 Wereblood                Tmut           0%         N/A       99%         2
 Inner Flame              Hex/Fire       0%         N/A       100%        3
 Spider Form              Tmut/Pois      0%         N/A       100%        3
 Cause Fear               Hex            0%         N/A       100%        4
 Passage of Golubria      Tloc           0%         N/A       100%        4
 Alistair's Intoxication  Tmut/Pois      0%         N/A       100%        5
 Yara's Violent Unravell  Hex/Tmut       0%         3d3       100%        5
 Eringya's Noxious Bog    Tmut/Pois      0%         N/A       100%        6
 Dragon Form              Tmut           0%         N/A       100%        7
 Discord                  Hex            0%         N/A       100%        8
 Tukima's Dance           Hex            Unusable   N/A       N/A         3
 Animate Dead             Necr           Unusable   N/A       N/A         4
 Haunt                    Necr/Summ      Unusable   N/A       N/A         7
 Infestation              Necr           Unusable   N/A       N/A         8

Dungeon Overview and Level Annotations

Branches:
Dungeon (8/15)             Temple (1/1) D:5
   Lair: D:8-11

Altars:
Ashenzari
Dithmenos
Elyvilon
Gozag
Hepliaklqana
Makhleb
Nemelex Xobeh
Okawaru
Ru
Uskayaw
Vehumet
Xom
Yredelemnul
The Shining One

Shops:
D:5 =

Annotations:
D:7 3 runed translucent doors, horus123's ghost, novice HOFE
D:8 Harold


Innate Abilities, Weirdness & Mutations

You are immune to sickness and miasma.
Your stone body is resilient. (AC +6)
You are immune to poison.
You resist negative energy. (rN+)
You are resistant to electric shocks. (rElec)
You are resistant to unholy torment.
You are immune to petrification.


Message History

You hear a shout! x4
You hit the wight.
The wight is lightly damaged.
The wight barely misses you.
You hit the wight.
The wight is moderately damaged.
The howler monkey hoots and howls with incredible vigour!
You hear a shout! x2
You closely miss Harold. Harold closely misses you.
You completely miss Harold.
The howler monkey hoots and howls with incredible vigour!
Harold zaps a wand.
The bolt of acid misses you.
You hear a shout! x2
You barely miss Harold. Harold hits you with a +0 scimitar.
You slash Harold!
Harold is lightly wounded.
Harold zaps a wand.
The bolt of acid hits you!!!
Ouch! That really hurt!
You hit Harold.
Harold is moderately wounded.
Harold points at you and mumbles some strange words.
A sentinel's mark forms upon you. Harold hits you with a +0 scimitar!
* * * LOW HITPOINT WARNING * * *
You slash Harold!
Harold is moderately wounded.
You block Harold's attack.
You hit Harold.
Harold is moderately wounded.
Harold hits you with a +0 scimitar!
* * * LOW HITPOINT WARNING * * *
The howler monkey hoots and howls with incredible vigour!
You slash Harold!
Harold is heavily wounded.
Harold hits you with a +0 scimitar.
* * * LOW HITPOINT WARNING * * *
You hit Harold.
Harold is severely wounded.
Harold hits you with a +0 scimitar!
You die...

##########
........>#
########.#
#......# #.###..#
#.###..# #.#....#
#######.#.##.#
#nhz@@..#.)..#
#g#########..#
#.......@#......#
#'##z###.#.#....#
#. ... #.#...## #


gZ. #)###.#### ..n.Z#.#........# .....#...<#.###.# gz....######.# # You could
see Harold, a necrophage, a howler monkey (catching breath), a wight and a
gnoll.

Vanquished Creatures
  Sigmund (D:2)
  A steam dragon (D:7)
  3 water moccasins
  Duvessa (D:7)
  An ice beast (D:7)
  A sky beast (D:6)
  3 necrophages (D:7)
  2 ogres (D:6)
  2 centaurs
  A phantom (D:7)
  3 scorpions
  2 water moccasin zombies
  Dowan (D:7)
  3 wights (D:7)
  2 howler monkeys
  A bullfrog zombie (D:6)
  5 centaur zombies
  2 orc priests
  2 bullfrog skeletons (D:6)
  2 gnoll shamans
  A human zombie (D:7)
  2 centaur skeletons
  3 hounds
  3 iguanas
  A jelly (D:6)
  2 orc wizards
  A killer bee zombie (D:7)
  3 mummies (D:7)
  Robin (D:1)
  A howler monkey zombie (D:7)
  19 gnolls
  7 adders
  3 white imps
  An ufetubus (D:6)
  A worm (D:5)
  3 dart slugs
  9 orcs
  6 endoplasms
  6 giant cockroaches
  13 hobgoblins
  5 kobolds
  4 quokkas
  7 ball pythons
  7 bats
  2 frilled lizards (D:3)
  10 goblins
  4 rats
164 creatures vanquished.

Vanquished Creatures (others)
  11 plants
11 creatures vanquished.

Grand Total: 175 creatures vanquished

Notes
Turn   | Place    | Note
-------+----------+-------------------------------------------
     0 | D:1      | bande the Gargoyle Fighter began the quest for the Orb.
     0 | D:1      | Reached XP level 1. HP: 14/14 MP: 1/1
     0 | D:1      | Noticed a minotaur zombie
     1 | D:1      | Noticed a spriggan
     3 | D:1      | Noticed a tengu
     5 | D:1      | Noticed a draconian
     8 | D:1      | Noticed a merfolk
    11 | D:1      | Noticed a spriggan
    11 | D:1      | Noticed a vampire
    13 | D:1      | Noticed a demigod
    15 | D:1      | Noticed a ghoul
    15 | D:1      | Noticed a troll
    17 | D:1      | Noticed a minotaur zombie
    21 | D:1      | Noticed a demonspawn zombie
   286 | D:1      | Reached XP level 2. HP: 15/19 MP: 2/2
   518 | D:1      | Found a faded altar of an unknown god.
   819 | D:1      | Reached skill level 2 in Axes
  1286 | D:2      | Noticed Robin
  1290 | D:1      | Reached XP level 3. HP: 24/24 MP: 3/3
  1500 | D:1      | Killed Robin
  1583 | D:2      | Identified 3 scrolls of acquirement
  1583 | D:2      | Acquired the +6 broad axe of Sharkskin {pain, rN+}
  1588 | D:2      | Acquired 653 gold pieces
  1590 | D:2      | Acquired a +1 pair of gloves of dexterity
  1670 | D:2      | Reached XP level 4. HP: 29/29 MP: 4/4
  1806 | D:2      | Noticed Sigmund
  1818 | D:2      | Killed Sigmund
  1819 | D:2      | Reached skill level 4 in Axes
  1819 | D:2      | Reached XP level 5. HP: 27/33 MP: 5/5
  1819 | D:2      | Reached XP level 6. HP: 32/38 MP: 6/6
  3484 | D:4      | Reached XP level 7. HP: 44/44 MP: 7/7
  3516 | D:4      | Reached skill level 5 in Axes
  4452 | D:5      | Entered Level 5 of the Dungeon
  4517 | D:5      | Found Jepust's Jewellery Emporium.
  4521 | D:5      | Bought an amulet of regeneration for 420 gold pieces
  4583 | D:5      | Found a staircase to the Ecumenical Temple.
  4599 | Temple   | Entered the Ecumenical Temple
  4640 | Temple   | Became a worshipper of Warmaster Okawaru
  4702 | D:5      | Reached skill level 5 in Armour
  4702 | D:5      | Reached skill level 1 in Evocations
  4974 | D:5      | Reached * piety under Okawaru
  4975 | D:5      | Reached skill level 5 in Fighting
  4975 | D:5      | Reached skill level 6 in Axes
  4975 | D:5      | Reached XP level 8. HP: 40/49 MP: 8/8
  5267 | D:6      | Reached skill level 1 in Invocations
  5314 | D:6      | Got the Collected Works on Unstable Ice
  5318 | D:6      | Found a radiant altar of Vehumet.
  5482 | D:6      | Reached skill level 7 in Axes
  5500 | D:6      | Reached ** piety under Okawaru
  5501 | D:6      | Reached XP level 9. HP: 27/55 MP: 10/10
  6306 | D:7      | Noticed Duvessa
  6307 | D:7      | Noticed Dowan
  6314 | D:7      | Killed Duvessa
  6315 | D:7      | Reached skill level 8 in Axes
  6327 | D:7      | Killed Dowan
  6415 | D:7      | Found a runed translucent gate.
  6415 | D:7      | Found a runed translucent gate.
  6415 | D:7      | Found a runed translucent gate.
  6416 | D:7      | Noticed a kobold demonologist
  6416 | D:7      | Noticed horus123's ghost (novice HOFE)
  6462 | D:7      | Reached *** piety under Okawaru
  6478 | D:7      | Found a basalt altar of Yredelemnul.
  6690 | D:8      | Noticed Harold
  6704 | D:8      | HP: 1/56 [Harold (14)]
  6706 | D:8      | Mangled by Harold

Illustrated notes

Levels and vault maps discovered:
D:1:      shiori_arrival_whats_in_store_for_you, layout_loops_corners,
          shapermc_ecumenical_altar_mp_highgroup
D:2:      layout_basic, uniq_sigmund, uniq_robin
D:3:      wad_lake_hut, layout_basic
D:4:      layout_cave_pods, hangedman_decor_riveting, serial_bayou_lagoon_b
D:5:      layout_basic, temple_statues, serial_shops, shop_fountains
D:6:      layout_basic, nicolae_vehumet_radiance
D:7:      layout_rooms, lemuel_mausoleum_altar_yredelemnul,
          gammafunk_ghost_nasty_kobolds, uniq_duvessa
D:8:      layout_basic, grunt_temple_overflow_open, lair_entry_dummy,
          uniq_harold, uniq_maggie
Temple:   cyrus_circular_temple

Skill      XL: |  1  2  3  4  5  6  7  8  9 |
---------------+----------------------------+-----
Axes           | 2 4 6 7 8 |  8.6
Fighting       | 4 5 6 |  6.4
Armour         | 4 5 6 |  6.3
Shields        | 4 |  4.9
Evocations     | 1 2 4 |  4.1
Invocations    | 2 4 |  4.3

Action                   |  1- 3 |  4- 6 |  7- 9 || total
-------------------------+-------+-------+-------++-------
Melee: War axe           |    86 |       |       ||    86
       Broad axe         |     6 |    93 |   297 ||   396
  Use: Scroll            |     6 |     6 |     2 ||    14
Armor: Scale mail        |    52 |    61 |    28 ||   141
       Chain mail        |       |       |   182 ||   182
Dodge: Dodged            |    55 |    40 |   132 ||   227
Block: Buckler           |    18 |    23 |    75 ||   116

Table legend: (Time is in decaauts)
 A = Elapsed time spent in this place.
 B = Non-inter-level travel time spent in this place.
 C = Inter-level travel time spent in this place.
 D = Time resting spent in this place.
 E = Time spent auto-exploring this place.
 F = Levels seen in this place.
 G = Mean time per level.
                   A        B        C        D        E       F      G
               +--------+--------+--------+--------+--------+-----+--------+
         Total |   6907 |   6852 |     55 |    681 |   4359 |   9 |  767.4 |
       Dungeon |   6852 |   6797 |     55 |    681 |   4359 |   8 |  856.5 |
        Temple |     54 |     54 |      0 |      0 |      0 |   1 |   54.0 |
               +--------+--------+--------+--------+--------+-----+--------+

Top non-repeatable levels by time:
     D:4: 1676 daAuts
     D:1: 1544 daAuts
     D:5: 768 daAuts
     D:7: 736 daAuts
     D:3: 732 daAuts
     D:6: 701 daAuts
     D:2: 627 daAuts
     D:8: 65 daAuts
  Temple: 54 daAuts
